Predators vs MapleLeafs

Created - February 16 2008 at 19:19

Goals
1 2 3 T
Predators 3 0 1 4
MapleLeafs 1 0 0 1
Shots
1 2 3 T
Predators 7 15 7 29
MapleLeafs 10 7 8 25

Period #1

1. Predators , Zbynek Michalek 3 (Jeff Carter) at 1:54
2. Predators , Jeff Carter 9 (Derek Morris, Todd Bertuzzi) at 6:23 (PP)
3. Predators , Robert Lang 21 (Patrick Eaves, Todd Bertuzzi) at 10:10 (PP)
4. MapleLeafs , Alexei Ponikarovsky 11 (Paul Ranger, Andreas Lilja) at 18:01

Penalties :
Fedor Tyutin (TOR) for Holding (Minor) at 5:28, Paul Ranger (TOR) for Hooking (Minor) at 10:02, Niklas Hagman (TOR) for Hooking (Minor) at 18:42

Period #2

No Goal

Penalties :
Jeff O'Neill (TOR) for Roughing (Minor) at 2:00, Jeff Carter (NSH) for Interference (Minor) at 3:58, Paul Kariya (NSH) for Hooking (Minor) at 5:58, Paul Ranger (TOR) for Hooking (Minor) at 10:17

Period #3

5. Predators , Paul Kariya 18 (David Legwand, Tomas Kaberle) at 12:44

Penalties :
Yanic Perreault (NSH) for Holding (Minor) at 8:57, David Legwand (NSH) for Interference (Minor) at 13:49

Goalie Stats

Tomas Vokoun (NSH), 24 saves from 25 shots - (0.960), W, 30-21-4, 60:00 minutes
Patrick Lalime (TOR), 25 saves from 29 shots - (0.862), L, 0-10-0, 60:00 minutes

Players Stats

Predators
Player Name              G  A  P  +/- PIM S  H  SB FO MP 
-----------------------------------------------------------
Craig Rivet              0  0  0   1  0   1  0  0  0  18 
David Legwand            0  1  1   0  2   2  2  1  25 23 
Derek Morris             0  1  1   0  0   0  0  2  0  23 
Jeff Carter              1  1  2   1  2   2  0  0  15 20 
Justin Williams          0  0  0   0  0   0  1  0  0  3  
Marek Zidlicky           0  0  0   0  0   0  0  0  0  0  
Martin Erat              0  0  0   0  0   1  0  0  0  10 
Patrick Eaves            0  1  1   0  0   2  1  1  3  26 
Paul Kariya              1  0  1   0  2   5  1  1  2  25 
Robert Lang              1  0  1   2  0   4  4  0  22 24 
Ryan Suter               0  0  0   0  0   2  1  0  0  20 
Scott Hartnell           0  0  0  -1  0   2  0  0  3  12 
Shea Weber               0  0  0   0  0   1  3  1  0  23 
Steve Sullivan           0  0  0   0  0   2  1  0  4  16 
Todd Bertuzzi            0  2  2   1  0   0  0  0  9  21 
Tomas Kaberle            0  1  1   0  0   2  1  3  0  22 
Yanic Perreault          0  0  0   0  2   0  0  0  1  2  
Zbynek Michalek          1  0  1   1  0   3  0  0  0  19 
MapleLeafs
Player Name              G  A  P  +/- PIM S  H  SB FO MP 
-----------------------------------------------------------
Alexander Steen          0  0  0   0  0   2  0  0  0  3  
Alexei Ponikarovsky      1  0  1   1  0   3  3  0  2  20 
Andreas Lilja            0  1  1   1  0   0  1  0  0  23 
Barret Jackman           0  0  0   0  0   0  0  2  0  25 
Ethan Moreau             0  0  0  -1  0   0  0  0  1  19 
Fedor Tyutin             0  0  0  -2  2   1  1  1  0  17 
Greg Zanon               0  0  0   0  0   0  0  2  0  24 
Ian Laperriere           0  0  0   1  0   1  1  1  2  18 
Ian White                0  0  0  -2  0   0  0  1  0  15 
Jason Arnott             0  0  0   0  0   2  1  2  23 22 
Jeff O'Neill             0  0  0   0  2   1  0  1  2  19 
Matt Greene              0  0  0   0  0   0  0  0  0  0  
Matt Stajan              0  0  0  -2  0   3  1  0  18 19 
Michael Peca             0  0  0   0  0   0  0  0  11 7  
Niklas Hagman            0  0  0  -2  2   0  0  0  0  15 
Paul Ranger              0  1  1   1  4   1  0  1  0  22 
Simon Gagne              0  0  0  -1  0   4  1  0  0  22 
Stephen Weiss            0  0  0   1  0   7  0  0  25 20 

3 Stars

1 - Robert Lang (NSH)
2 - Tomas Vokoun (NSH)
3 - Jeff Carter (NSH)

Power Play

Predators - 2 on 5 Attempt(s) - 40.00%
MapleLeafs - 0 on 4 Attempt(s) - 0.00%

Penalty Kill

Predators - 4 on 4 Attempt(s) - 100.00% - Score 0 goal in Penalty Kill
MapleLeafs - 3 on 5 Attempt(s) - 60.00% - Score 0 goal in Penalty Kill

Game Notes

No Game Note

Finance

Level 1 -- Attendance: 4188 (69.80%) -- Ticket Income $335,040.00
Level 2 -- Attendance: 3883 (86.29%) -- Ticket Income $182,501.00
Level 3 -- Attendance: 1538 (58.72%) -- Ticket Income $43,064.00
Level 4 -- Attendance: 3207 (76.36%) -- Ticket Income $41,691.00
Luxury Box -- Attendance: 555 (37.00%) -- Ticket Income $111,000.00
Game was played at the Air Canada Center
Total Attendance: 13371 (71.05%)
Total Ticket Income: $724,847.50
Other Income: $113,526.30
Total Income: $838,374.00


Play by Play

Period #1

0:01 of 1st period - Jason Arnott wins face-off versus David Legwand in neutral zone.
0:06 of 1st period - Shot by Simon Gagne.
0:06 of 1st period - Stopped by Tomas Vokoun without a rebound.
0:07 of 1st period - Robert Lang wins face-off versus Stephen Weiss in Predators zone.
0:22 of 1st period - Shot by Robert Lang.
0:22 of 1st period - Shot Misses the Net.
0:43 of 1st period - Icing by Ryan Suter.
0:44 of 1st period - Robert Lang wins face-off versus Jason Arnott in Predators zone.
1:03 of 1st period - Shot by Jeff O'Neill.
1:03 of 1st period - Stopped by Tomas Vokoun without a rebound.
1:04 of 1st period - David Legwand wins face-off versus Matt Stajan in Predators zone.
1:08 of 1st period - Tomas Kaberle is hit by Fedor Tyutin and loses puck.
1:37 of 1st period - Shot by Paul Kariya.
1:37 of 1st period - Shot Blocked by Fedor Tyutin.
1:52 of 1st period - Icing by Ian White.
1:53 of 1st period - Jeff Carter wins face-off versus Matt Stajan in MapleLeafs zone.
1:54 of 1st period - Shot by Zbynek Michalek.
1:54 of 1st period - Goal by Zbynek Michalek - Predators : 1 - MapleLeafs : 0.
1:55 of 1st period - Jason Arnott wins face-off versus Robert Lang in neutral zone.
2:41 of 1st period - Icing by Zbynek Michalek.
2:42 of 1st period - Jeff Carter wins face-off versus Stephen Weiss in Predators zone.
2:42 of 1st period - Jeff Carter is hit by Alexei Ponikarovsky.
2:55 of 1st period - Paul Kariya is hit by Andreas Lilja and loses puck.
4:19 of 1st period - Icing by Ryan Suter.
4:20 of 1st period - Steve Sullivan wins face-off versus Jason Arnott in Predators zone.
4:57 of 1st period - Shot by David Legwand.
4:57 of 1st period - Stopped by Patrick Lalime without a rebound.
4:58 of 1st period - David Legwand wins face-off versus Matt Stajan in MapleLeafs zone.
5:09 of 1st period - Derek Morris is hit by Matt Stajan and loses puck.
5:23 of 1st period - Icing by Fedor Tyutin.
5:24 of 1st period - Matt Stajan wins face-off versus Robert Lang in MapleLeafs zone.
5:28 of 1st period - Minor Penalty to Fedor Tyutin for Holding.
5:29 of 1st period - Michael Peca wins face-off versus David Legwand in Predators zone.
6:17 of 1st period - Shot by Todd Bertuzzi.
6:17 of 1st period - Shot Misses the Net.
6:19 of 1st period - Shot by Jeff Carter.
6:19 of 1st period - Shot Misses the Net.
6:23 of 1st period - Shot by Jeff Carter.
6:23 of 1st period - Goal by Jeff Carter - Predators : 2 - MapleLeafs : 0.
6:24 of 1st period - Stephen Weiss wins face-off versus Robert Lang in neutral zone.
7:10 of 1st period - Shot by Jason Arnott.
7:10 of 1st period - Stopped by Tomas Vokoun without a rebound.
7:11 of 1st period - David Legwand wins face-off versus Jason Arnott in Predators zone.
7:11 of 1st period - David Legwand is hit by Simon Gagne.
7:25 of 1st period - Shot by Paul Kariya.
7:25 of 1st period - Deflect By David Legwand.
7:25 of 1st period - Shot Misses the Net.
7:33 of 1st period - Shot by Simon Gagne.
7:33 of 1st period - Shot Misses the Net.
7:35 of 1st period - Shot by Jeff O'Neill.
7:35 of 1st period - Shot Misses the Net.
7:39 of 1st period - Shot by Simon Gagne.
7:39 of 1st period - Stopped by Tomas Vokoun without a rebound.
7:40 of 1st period - Todd Bertuzzi wins face-off versus Matt Stajan in Predators zone.
8:43 of 1st period - Ethan Moreau is hit by Steve Sullivan and loses puck.
9:47 of 1st period - Paul Kariya is hit by Alexei Ponikarovsky and loses puck.
10:02 of 1st period - Minor Penalty to Paul Ranger for Hooking.
10:03 of 1st period - Todd Bertuzzi wins face-off versus Michael Peca in MapleLeafs zone.
10:10 of 1st period - Shot by Robert Lang.
10:10 of 1st period - Goal by Robert Lang - Predators : 3 - MapleLeafs : 0.
10:11 of 1st period - David Legwand wins face-off versus Stephen Weiss in neutral zone.
10:21 of 1st period - Shot by Alexei Ponikarovsky.
10:21 of 1st period - Shot Misses the Net.
12:04 of 1st period - Shot by Jeff Carter.
12:04 of 1st period - Deflect By Robert Lang.
12:04 of 1st period - Stopped by Patrick Lalime without a rebound.
12:05 of 1st period - David Legwand wins face-off versus Stephen Weiss in MapleLeafs zone.
12:24 of 1st period - Shot by Stephen Weiss.
12:24 of 1st period - Shot Blocked by Patrick Eaves.
12:28 of 1st period - Shot by Stephen Weiss.
12:28 of 1st period - Stopped by Tomas Vokoun with a rebound.
12:30 of 1st period - Shot by Stephen Weiss.
12:30 of 1st period - Shot Blocked by Derek Morris.
12:32 of 1st period - Shot by Paul Ranger.
12:32 of 1st period - Shot Misses the Net.
12:36 of 1st period - Shot by Alexei Ponikarovsky.
12:36 of 1st period - Shot Blocked by Derek Morris.
13:00 of 1st period - Niklas Hagman is hit by David Legwand and loses puck.
14:08 of 1st period - Shot by Alexander Steen.
14:08 of 1st period - Stopped by Tomas Vokoun without a rebound.
14:09 of 1st period - Jeff Carter wins face-off versus Stephen Weiss in Predators zone.
14:26 of 1st period - Shot by Scott Hartnell.
14:26 of 1st period - Deflect By Martin Erat.
14:26 of 1st period - Stopped by Patrick Lalime without a rebound.
14:27 of 1st period - Jason Arnott wins face-off versus Robert Lang in MapleLeafs zone.
14:36 of 1st period - Shot by Simon Gagne.
14:36 of 1st period - Stopped by Tomas Vokoun without a rebound.
14:37 of 1st period - Stephen Weiss wins face-off versus Robert Lang in Predators zone.
15:44 of 1st period - Off-side.
15:45 of 1st period - Patrick Eaves wins face-off versus Jason Arnott in neutral zone.
16:51 of 1st period - Icing by Derek Morris.
16:52 of 1st period - Stephen Weiss wins face-off versus David Legwand in Predators zone.
16:53 of 1st period - Shot by Ian Laperriere.
16:53 of 1st period - Stopped by Tomas Vokoun without a rebound.
16:54 of 1st period - Stephen Weiss wins face-off versus David Legwand in Predators zone.
16:54 of 1st period - Stephen Weiss is hit by Tomas Kaberle.
16:58 of 1st period - Shot by Ian Laperriere.
16:58 of 1st period - Shot Blocked by Paul Kariya.
17:00 of 1st period - Shot by Alexei Ponikarovsky.
17:00 of 1st period - Stopped by Tomas Vokoun without a rebound.
17:01 of 1st period - David Legwand wins face-off versus Matt Stajan in Predators zone.
17:23 of 1st period - Icing by Tomas Kaberle.
17:24 of 1st period - Scott Hartnell wins face-off versus Ian Laperriere in Predators zone.
17:24 of 1st period - Tomas Kaberle is hit by Alexei Ponikarovsky and loses puck.
17:49 of 1st period - Shot by Alexei Ponikarovsky.
17:49 of 1st period - Deflect By Stephen Weiss.
17:49 of 1st period - Shot Misses the Net.
17:51 of 1st period - Shot by Alexei Ponikarovsky.
17:51 of 1st period - Shot Misses the Net.
17:55 of 1st period - Shot by Stephen Weiss.
17:55 of 1st period - Shot Misses the Net.
17:59 of 1st period - Shot by Paul Ranger.
17:59 of 1st period - Shot Blocked by Tomas Kaberle.
18:01 of 1st period - Shot by Alexei Ponikarovsky.
18:01 of 1st period - Goal by Alexei Ponikarovsky - Predators : 3 - MapleLeafs : 1.
18:02 of 1st period - Steve Sullivan wins face-off versus Matt Stajan in neutral zone.
18:24 of 1st period - Icing by Ethan Moreau.
18:25 of 1st period - Matt Stajan wins face-off versus Jeff Carter in MapleLeafs zone.
18:25 of 1st period - Matt Stajan is hit by Justin Williams.
18:42 of 1st period - Minor Penalty to Niklas Hagman for Hooking.
18:43 of 1st period - Michael Peca wins face-off versus Robert Lang in neutral zone.
18:49 of 1st period - Icing by Ryan Suter.
18:50 of 1st period - Robert Lang wins face-off versus Michael Peca in Predators zone.
19:29 of 1st period - Off-side.
19:30 of 1st period - David Legwand wins face-off versus Matt Stajan in neutral zone.
19:37 of 1st period - Shot by Paul Kariya.
19:37 of 1st period - Stopped by Patrick Lalime without a rebound.
19:38 of 1st period - Matt Stajan wins face-off versus David Legwand in MapleLeafs zone.

Period #2

0:01 of 2nd period - Michael Peca wins face-off versus David Legwand in neutral zone.
0:20 of 2nd period - Shot by Tomas Kaberle.
0:20 of 2nd period - Stopped by Patrick Lalime without a rebound.
0:21 of 2nd period - Michael Peca wins face-off versus Todd Bertuzzi in MapleLeafs zone.
0:41 of 2nd period - Shot by Ryan Suter.
0:41 of 2nd period - Stopped by Patrick Lalime without a rebound.
0:42 of 2nd period - Stephen Weiss wins face-off versus David Legwand in MapleLeafs zone.
1:13 of 2nd period - Shot by David Legwand.
1:13 of 2nd period - Shot Misses the Net.
1:17 of 2nd period - Shot by Paul Kariya.
1:17 of 2nd period - Stopped by Patrick Lalime without a rebound.
1:18 of 2nd period - Robert Lang wins face-off versus Jason Arnott in MapleLeafs zone.
1:40 of 2nd period - Jason Arnott is hit by Ryan Suter and loses puck.
1:54 of 2nd period - Icing by Greg Zanon.
1:55 of 2nd period - Jason Arnott wins face-off versus Patrick Eaves in MapleLeafs zone.
2:00 of 2nd period - Minor Penalty to Jeff O'Neill for Roughing.
2:01 of 2nd period - David Legwand wins face-off versus Matt Stajan in Predators zone.
2:10 of 2nd period - Shot by Tomas Kaberle.
2:10 of 2nd period - Stopped by Patrick Lalime without a rebound.
2:11 of 2nd period - Ethan Moreau wins face-off versus David Legwand in MapleLeafs zone.
2:11 of 2nd period - Ethan Moreau is hit by Paul Kariya.
2:59 of 2nd period - Shot by Todd Bertuzzi.
2:59 of 2nd period - Shot Misses the Net.
3:58 of 2nd period - Minor Penalty to Jeff Carter for Interference.
3:59 of 2nd period - Alexei Ponikarovsky wins face-off versus Robert Lang in MapleLeafs zone.
4:54 of 2nd period - Shot by Stephen Weiss.
4:54 of 2nd period - Stopped by Tomas Vokoun without a rebound.
4:55 of 2nd period - Stephen Weiss wins face-off versus Paul Kariya in Predators zone.
5:08 of 2nd period - Shot by Alexei Ponikarovsky.
5:08 of 2nd period - Stopped by Tomas Vokoun without a rebound.
5:09 of 2nd period - Todd Bertuzzi wins face-off versus Stephen Weiss in Predators zone.
5:54 of 2nd period - Simon Gagne is hit by Robert Lang and loses puck.
5:58 of 2nd period - Minor Penalty to Paul Kariya for Hooking.
5:59 of 2nd period - Jeff Carter wins face-off versus Ian Laperriere in neutral zone.
6:12 of 2nd period - Shot by Matt Stajan.
6:12 of 2nd period - Shot Misses the Net.
6:41 of 2nd period - Off-side.
6:42 of 2nd period - Stephen Weiss wins face-off versus Todd Bertuzzi in neutral zone.
6:49 of 2nd period - Shot by Stephen Weiss.
6:49 of 2nd period - Stopped by Tomas Vokoun without a rebound.
6:50 of 2nd period - Jeff O'Neill wins face-off versus Robert Lang in Predators zone.
7:38 of 2nd period - Shot by Andreas Lilja.
7:38 of 2nd period - Shot Misses the Net.
7:40 of 2nd period - Shot by Stephen Weiss.
7:40 of 2nd period - Stopped by Tomas Vokoun without a rebound.
7:41 of 2nd period - David Legwand wins face-off versus Stephen Weiss in Predators zone.
7:51 of 2nd period - Ethan Moreau is hit by David Legwand.
7:59 of 2nd period - Shot by Simon Gagne.
7:59 of 2nd period - Shot Misses the Net.
8:52 of 2nd period - Shot by Ryan Suter.
8:52 of 2nd period - Stopped by Patrick Lalime without a rebound.
8:53 of 2nd period - Robert Lang wins face-off versus Jason Arnott in MapleLeafs zone.
8:56 of 2nd period - Shot by Patrick Eaves.
8:56 of 2nd period - Shot Misses the Net.
8:58 of 2nd period - Shot by Zbynek Michalek.
8:58 of 2nd period - Shot Misses the Net.
9:00 of 2nd period - Shot by Robert Lang.
9:00 of 2nd period - Deflect By Todd Bertuzzi.
9:00 of 2nd period - Shot Blocked by Barret Jackman.
9:04 of 2nd period - Shot by Patrick Eaves.
9:04 of 2nd period - Shot Blocked by Jeff O'Neill.
10:02 of 2nd period - Shot by Stephen Weiss.
10:02 of 2nd period - Stopped by Tomas Vokoun without a rebound.
10:03 of 2nd period - Stephen Weiss wins face-off versus Jeff Carter in Predators zone.
10:17 of 2nd period - Minor Penalty to Paul Ranger for Hooking.
10:18 of 2nd period - Michael Peca wins face-off versus David Legwand in MapleLeafs zone.
10:42 of 2nd period - Shot by David Legwand.
10:42 of 2nd period - Shot Misses the Net.
10:44 of 2nd period - Shot by Shea Weber.
10:44 of 2nd period - Stopped by Patrick Lalime without a rebound.
10:45 of 2nd period - Michael Peca wins face-off versus Robert Lang in MapleLeafs zone.
11:19 of 2nd period - Icing by Ryan Suter.
11:20 of 2nd period - Robert Lang wins face-off versus Matt Stajan in Predators zone.
12:18 of 2nd period - Icing by Derek Morris.
12:19 of 2nd period - Stephen Weiss wins face-off versus Jeff Carter in Predators zone.
12:40 of 2nd period - Shot by Martin Erat.
12:40 of 2nd period - Shot Misses the Net.
12:42 of 2nd period - Shot by Zbynek Michalek.
12:42 of 2nd period - Stopped by Patrick Lalime without a rebound.
12:43 of 2nd period - Matt Stajan wins face-off versus Robert Lang in MapleLeafs zone.
13:06 of 2nd period - Fedor Tyutin is hit by Robert Lang and loses puck.
13:26 of 2nd period - Icing by Ryan Suter.
13:27 of 2nd period - Stephen Weiss wins face-off versus Robert Lang in Predators zone.
13:37 of 2nd period - Shot by Stephen Weiss.
13:37 of 2nd period - Stopped by Tomas Vokoun without a rebound.
13:38 of 2nd period - Jason Arnott wins face-off versus David Legwand in Predators zone.
14:12 of 2nd period - Shot by David Legwand.
14:12 of 2nd period - Stopped by Patrick Lalime without a rebound.
14:13 of 2nd period - Scott Hartnell wins face-off versus Stephen Weiss in MapleLeafs zone.
14:20 of 2nd period - Shot by Scott Hartnell.
14:20 of 2nd period - Shot Misses the Net.
14:23 of 2nd period - Icing by Andreas Lilja.
14:24 of 2nd period - Jeff Carter wins face-off versus Stephen Weiss in MapleLeafs zone.
14:41 of 2nd period - Shot by Patrick Eaves.
14:41 of 2nd period - Stopped by Patrick Lalime with a rebound.
14:43 of 2nd period - Shot by Paul Kariya.
14:43 of 2nd period - Shot Misses the Net.
14:45 of 2nd period - Shot by Craig Rivet.
14:45 of 2nd period - Stopped by Patrick Lalime without a rebound.
14:46 of 2nd period - Robert Lang wins face-off versus Matt Stajan in MapleLeafs zone.
15:11 of 2nd period - Shot by Robert Lang.
15:11 of 2nd period - Stopped by Patrick Lalime without a rebound.
15:12 of 2nd period - David Legwand wins face-off versus Jason Arnott in MapleLeafs zone.
15:17 of 2nd period - Shot by Paul Kariya.
15:17 of 2nd period - Stopped by Patrick Lalime with a rebound.
15:23 of 2nd period - Shot by Jason Arnott.
15:23 of 2nd period - Shot Misses the Net.
15:31 of 2nd period - Shot by Jeff O'Neill.
15:31 of 2nd period - Shot Blocked by David Legwand.
15:33 of 2nd period - Shot by Simon Gagne.
15:33 of 2nd period - Shot Misses the Net.
15:35 of 2nd period - Shot by Simon Gagne.
15:35 of 2nd period - Shot Misses the Net.
15:37 of 2nd period - Shot by Jason Arnott.
15:37 of 2nd period - Shot Blocked by Tomas Kaberle.
15:47 of 2nd period - Jeff O'Neill is hit by Patrick Eaves.
16:57 of 2nd period - Shot by Niklas Hagman.
16:57 of 2nd period - Shot Misses the Net.
16:59 of 2nd period - Shot by Ethan Moreau.
16:59 of 2nd period - Shot Misses the Net.
17:03 of 2nd period - Shot by Ethan Moreau.
17:03 of 2nd period - Deflect By Matt Stajan.
17:03 of 2nd period - Shot Misses the Net.
17:28 of 2nd period - Shot by Matt Stajan.
17:28 of 2nd period - Stopped by Tomas Vokoun without a rebound.
17:29 of 2nd period - Jason Arnott wins face-off versus Steve Sullivan in Predators zone.
17:29 of 2nd period - Jason Arnott is hit by Shea Weber.
17:34 of 2nd period - Jeff O'Neill is hit by Shea Weber and loses puck.
18:24 of 2nd period - Shot by Martin Erat.
18:24 of 2nd period - Shot Misses the Net.
18:28 of 2nd period - Shot by Jeff Carter.
18:28 of 2nd period - Stopped by Patrick Lalime with a rebound.
18:32 of 2nd period - Shot by Scott Hartnell.
18:32 of 2nd period - Stopped by Patrick Lalime with a rebound.
18:36 of 2nd period - Shot by Scott Hartnell.
18:36 of 2nd period - Shot Blocked by Jason Arnott.
18:38 of 2nd period - Shot by Zbynek Michalek.
18:38 of 2nd period - Stopped by Patrick Lalime with a rebound.
18:48 of 2nd period - Shot by Jeff Carter.
18:48 of 2nd period - Shot Blocked by Barret Jackman.

Period #3

0:01 of 3rd period - David Legwand wins face-off versus Jason Arnott in neutral zone.
0:06 of 3rd period - Shot by Tomas Kaberle.
0:06 of 3rd period - Shot Blocked by Greg Zanon.
0:12 of 3rd period - Shot by David Legwand.
0:12 of 3rd period - Shot Misses the Net.
1:05 of 3rd period - Shot by Steve Sullivan.
1:05 of 3rd period - Stopped by Patrick Lalime without a rebound.
1:06 of 3rd period - Robert Lang wins face-off versus Stephen Weiss in MapleLeafs zone.
1:14 of 3rd period - Paul Ranger is hit by Shea Weber and loses puck.
1:29 of 3rd period - Shot by Alexei Ponikarovsky.
1:29 of 3rd period - Shot Misses the Net.
1:33 of 3rd period - Shot by Stephen Weiss.
1:33 of 3rd period - Deflect By Ian Laperriere.
1:33 of 3rd period - Shot Blocked by Shea Weber.
1:37 of 3rd period - Shot by Stephen Weiss.
1:37 of 3rd period - Stopped by Tomas Vokoun without a rebound.
1:38 of 3rd period - Matt Stajan wins face-off versus Jeff Carter in Predators zone.
1:57 of 3rd period - Shot by Paul Kariya.
1:57 of 3rd period - Shot Blocked by Ian White.
3:08 of 3rd period - Off-side.
3:09 of 3rd period - Jason Arnott wins face-off versus Robert Lang in neutral zone.
3:30 of 3rd period - Shot by Steve Sullivan.
3:30 of 3rd period - Shot Blocked by Greg Zanon.
3:32 of 3rd period - Shot by Ryan Suter.
3:32 of 3rd period - Shot Blocked by Jason Arnott.
3:34 of 3rd period - Shot by Steve Sullivan.
3:34 of 3rd period - Stopped by Patrick Lalime without a rebound.
3:35 of 3rd period - Michael Peca wins face-off versus Steve Sullivan in MapleLeafs zone.
3:55 of 3rd period - Alexander Steen is hit by Robert Lang and loses puck.
4:34 of 3rd period - Shot by Martin Erat.
4:34 of 3rd period - Shot Blocked by Ian Laperriere.
4:36 of 3rd period - Shot by Tomas Kaberle.
4:36 of 3rd period - Deflect By Scott Hartnell.
4:36 of 3rd period - Stopped by Patrick Lalime without a rebound.
4:37 of 3rd period - Matt Stajan wins face-off versus David Legwand in MapleLeafs zone.
5:23 of 3rd period - Off-side.
5:24 of 3rd period - Jeff Carter wins face-off versus Stephen Weiss in neutral zone.
5:39 of 3rd period - Shot by Jeff Carter.
5:39 of 3rd period - Shot Misses the Net.
5:48 of 3rd period - Icing by Zbynek Michalek.
5:49 of 3rd period - Jeff Carter wins face-off versus Michael Peca in Predators zone.
6:11 of 3rd period - Shot by Michael Peca.
6:11 of 3rd period - Deflect By Alexander Steen.
6:11 of 3rd period - Stopped by Tomas Vokoun without a rebound.
6:12 of 3rd period - Todd Bertuzzi wins face-off versus Stephen Weiss in Predators zone.
6:12 of 3rd period - Todd Bertuzzi is hit by Ian Laperriere.
6:35 of 3rd period - Off-side.
6:36 of 3rd period - David Legwand wins face-off versus Jason Arnott in neutral zone.
6:39 of 3rd period - Jason Arnott is hit by Robert Lang and loses puck.
8:02 of 3rd period - Shot by Matt Stajan.
8:02 of 3rd period - Shot Misses the Net.
8:06 of 3rd period - Shot by Matt Stajan.
8:06 of 3rd period - Shot Misses the Net.
8:08 of 3rd period - Shot by Fedor Tyutin.
8:08 of 3rd period - Deflect By Matt Stajan.
8:08 of 3rd period - Stopped by Tomas Vokoun without a rebound.
8:09 of 3rd period - Stephen Weiss wins face-off versus Jeff Carter in Predators zone.
8:12 of 3rd period - Shot by Alexei Ponikarovsky.
8:12 of 3rd period - Shot Misses the Net.
8:57 of 3rd period - Minor Penalty to Yanic Perreault for Holding.
8:58 of 3rd period - Jason Arnott wins face-off versus Jeff Carter in MapleLeafs zone.
9:15 of 3rd period - Shot by Simon Gagne.
9:15 of 3rd period - Stopped by Tomas Vokoun without a rebound.
9:16 of 3rd period - Jason Arnott wins face-off versus Todd Bertuzzi in Predators zone.
9:48 of 3rd period - Shot by Simon Gagne.
9:48 of 3rd period - Shot Misses the Net.
10:45 of 3rd period - Shot by Jason Arnott.
10:45 of 3rd period - Stopped by Tomas Vokoun without a rebound.
10:46 of 3rd period - Robert Lang wins face-off versus Jason Arnott in Predators zone.
11:16 of 3rd period - Shot by Matt Stajan.
11:16 of 3rd period - Shot Blocked by Tomas Kaberle.
11:18 of 3rd period - Shot by Matt Stajan.
11:18 of 3rd period - Stopped by Tomas Vokoun without a rebound.
11:19 of 3rd period - Jeff Carter wins face-off versus Stephen Weiss in Predators zone.
11:58 of 3rd period - Icing by Craig Rivet.
11:59 of 3rd period - Matt Stajan wins face-off versus Jeff Carter in Predators zone.
12:14 of 3rd period - Icing by Matt Stajan.
12:15 of 3rd period - Matt Stajan wins face-off versus David Legwand in MapleLeafs zone.
12:38 of 3rd period - Shot by Paul Kariya.
12:38 of 3rd period - Shot Misses the Net.
12:42 of 3rd period - Shot by David Legwand.
12:42 of 3rd period - Shot Misses the Net.
12:44 of 3rd period - Shot by Paul Kariya.
12:44 of 3rd period - Goal by Paul Kariya - Predators : 4 - MapleLeafs : 1.
12:45 of 3rd period - Scott Hartnell wins face-off versus Michael Peca in neutral zone.
12:50 of 3rd period - Shot by Robert Lang.
12:50 of 3rd period - Stopped by Patrick Lalime with a rebound.
13:49 of 3rd period - Minor Penalty to David Legwand for Interference.
13:50 of 3rd period - Jason Arnott wins face-off versus Yanic Perreault in neutral zone.
14:10 of 3rd period - Shot by Simon Gagne.
14:10 of 3rd period - Shot Misses the Net.
14:14 of 3rd period - Shot by Jason Arnott.
14:14 of 3rd period - Shot Misses the Net.
14:18 of 3rd period - Shot by Barret Jackman.
14:18 of 3rd period - Shot Misses the Net.
15:11 of 3rd period - Off-side.
15:12 of 3rd period - Todd Bertuzzi wins face-off versus Jason Arnott in neutral zone.
15:28 of 3rd period - Shot by Simon Gagne.
15:28 of 3rd period - Shot Misses the Net.
15:30 of 3rd period - Shot by Fedor Tyutin.
15:30 of 3rd period - Stopped by Tomas Vokoun without a rebound.
15:31 of 3rd period - Alexei Ponikarovsky wins face-off versus Todd Bertuzzi in Predators zone.
15:38 of 3rd period - Shot by Paul Ranger.
15:38 of 3rd period - Stopped by Tomas Vokoun without a rebound.
15:39 of 3rd period - Jason Arnott wins face-off versus Patrick Eaves in Predators zone.
16:12 of 3rd period - Shot by Ethan Moreau.
16:12 of 3rd period - Shot Misses the Net.
17:15 of 3rd period - Off-side.
17:16 of 3rd period - David Legwand wins face-off versus Jason Arnott in neutral zone.
17:27 of 3rd period - Shot by Patrick Eaves.
17:27 of 3rd period - Stopped by Patrick Lalime without a rebound.
17:28 of 3rd period - Jeff O'Neill wins face-off versus Paul Kariya in MapleLeafs zone.
18:18 of 3rd period - Scott Hartnell is hit by Jason Arnott and loses puck.
18:39 of 3rd period - Shot by Jeff Carter.
18:39 of 3rd period - Shot Misses the Net.
19:33 of 3rd period - Shot by Paul Kariya.
19:33 of 3rd period - Stopped by Patrick Lalime without a rebound.
19:34 of 3rd period - Robert Lang wins face-off versus Stephen Weiss in MapleLeafs zone.
19:49 of 3rd period - Shot by Robert Lang.
19:49 of 3rd period - Shot Blocked by Paul Ranger.


Output by the SimonT Hockey Simulator (STHS) for Stephane Roy -- Original Page W3C XHTML 1.0 Valid